[Event "Titled Tuesday Blitz June 27 Early 2023"]
[White "Niekras, Dawid"]
[Black "Kushko, Dmitriy"]
[WhiteFideId "1160451"]
[BlackFideId "14162261"]
[WhiteElo "2601"]
[BlackElo "2806"]
[Result "0-1"]
[Round "6"]
[TimeControl "180+2"]
[Date "2023.06.27"]
[WhiteClock "0:00:00"]
[BlackClock "0:00:09"]
[Board "53"]

1. e4 g6 2. d4 Bg7 3. Nc3 d6 4. f4 Nf6 5. Nf3 c5 6. dxc5 Qa5 7. Qd4 O-O 8. Bd2 Nc6 9. Qc4 Be6 10. Qb5 Qc7 11. Bd3 d5 12. O-O a6 13. Qb6 Qxb6 14. cxb6 dxe4 15. Nxe4 Nd5 16. Nc5 Bg4 17. c3 Nxb6 18. h3 Bf5 19. Bxf5 gxf5 20. Rae1 Nc4 21. Bc1 b6 22. Nd7 Rfd8 23. Nde5 N6xe5 24. fxe5 e6 25. b3 Na5 26. Bg5 Rd3 27. c4 Nc6 28. Bf6 Bxf6 29. exf6 Rad8 30. Kf2 h6 31. g4 fxg4 32. hxg4 Nd4 33. Ne5 Rd2+ 34. Kg3 Ne2+ 35. Kh4 Rxa2 36. Rf2 Rdd2 37. g5 hxg5+ 38. Kxg5 Nd4 39. Rxd2 Rxd2 40. Rg1 Kf8 41. Kf4 Ne2+ 42. Ke3 Nxg1 43. Kxd2 Ke8 44. b4 Nh3 45. Ke3 Ng5 46. Kd4 Nh7 47. Ng4 Kd7 48. Ke5 a5 49. bxa5 bxa5 50. Ne3 a4 51. Nc2 Kc6 52. Na3 Kc5 0-1


[Site "https://www.chess.com"]

[Event "Titled Tuesday Blitz June 27 Early 2023"]
[White "Ovchinnikov, Vsevolod"]
[Black "Rahman, Masruri"]
[WhiteFideId "24176842"]
[BlackFideId "7101163"]
[WhiteElo "2598"]
[BlackElo "2795"]
[Result "0-1"]
[Round "6"]
[TimeControl "180+2"]
[Date "2023.06.27"]
[WhiteClock "0:00:09"]
[BlackClock "0:00:17"]
[Board "54"]

1. d4 e6 2. c4 Nf6 3. Nf3 b6 4. g3 Ba6 5. Bg2 Bxc4 6. O-O Bd5 7. Nc3 Bb7 8. Qc2 d5 9. Bg5 Be7 10. Ne5 O-O 11. Rac1 Nbd7 12. Nb5 c5 13. Rfd1 a6 14. Nc3 cxd4 15. Nxd7 Nxd7 16. Bxe7 Qxe7 17. Rxd4 Rac8 18. Qd1 Nf6 19. e3 b5 20. Rd2 Rc7 21. a4 b4 22. Ne2 Rfc8 23. Rdc2 g6 24. Nf4 Kg7 25. Nd3 a5 26. Ne5 Rxc2 27. Rxc2 Rxc2 28. Qxc2 Qd6 29. f4 Nd7 30. Nd3 Qb6 31. Kf2 Ba6 32. b3 Bxd3 33. Qxd3 Qc5 34. Bf3 Nf6 35. Ke2 Ne8 36. Kd2 Nd6 37. g4 f6 38. h3 h6 39. Bg2 Kf7 40. Bf3 f5 41. gxf5 gxf5 42. Bh5+ Ke7 43. Bf3 Nf7 44. Kd1 Nd8 45. Kd2 Nc6 46. Bg2 Kd6 47. Bf3 Ne7 48. Bg2 e5 49. fxe5+ Kxe5 50. Kd1 d4 51. Ke2 dxe3 52. Qxe3+ Qxe3+ 53. Kxe3 f4+ 54. Kd3 Nf5 55. Kc4 Nd4 56. Bf1 f3 57. h4 Nf5 58. h5 Ne3+ 59. Kd3 Nxf1 60. Kc4 Kf4 61. Kb5 Nd2 62. Kxa5 f2 63. Kxb4 f1=Q 64. a5 Qd3 65. a6 Qxb3+ 66. Kc5 Qa4 67. Kb6 Nc4+ 68. Kb7 Qb5+ 69. Ka7 Qb6+ 70. Ka8 Nd6 71. a7 Qb7# 0-1


[Site "https://www.chess.com"]

[Event "Titled Tuesday Blitz June 27 Early 2023"]
[White "Moiseenko, Alexander"]
[Black "Ibadov, Dashgyn"]
[WhiteFideId "14102560"]
[BlackFideId "24107514"]
[WhiteElo "2792"]
[BlackElo "2597"]
[Result "1-0"]
[Round "6"]
[TimeControl "180+2"]
[Date "2023.06.27"]
[WhiteClock "0:00:26"]
[BlackClock "0:00:00"]
[Board "55"]

1. d4 d5 2. c4 e6 3. Nc3 c6 4. Nf3 Nf6 5. Bg5 Nbd7 6. e3 Qa5 7. cxd5 Nxd5 8. Rc1 Bb4 9. a3 Bxc3+ 10. bxc3 Qxa3 11. Bd3 Nxc3 12. Qd2 Nd5 13. O-O O-O 14. e4 N5b6 15. h4 f6 16. Bf4 Qe7 17. h5 e5 18. Bg3 h6 19. Nh4 Qf7 20. Ng6 Re8 21. Bb1 Nf8 22. dxe5 Nxg6 23. hxg6 Qxg6 24. exf6 gxf6 25. Rc3 Be6 26. Bf4 Rad8 27. Qc1 h5 28. Rg3 Bg4 29. f3 Rd4 30. fxg4 h4 31. Rgf3 Qxg4 32. Be3 Rd6 33. Qe1 Kg7 34. Rf4 Qg3 35. Rxh4 Qxe1 36. Rxe1 Nc4 37. Bh6+ Kf7 38. Ba2 Rd4 39. Be3 Rexe4 40. Bxd4 Rxe1+ 41. Kh2 Rc1 42. Be3 b5 43. Bxc1 1-0


[Site "https://www.chess.com"]

[Event "Titled Tuesday Blitz June 27 Early 2023"]
[White "HamedWafa4"]
[Black "Avinash Ramesh"]
[BlackFideId "45018340"]
[WhiteElo "2597"]
[BlackElo "2791"]
[Result "1/2-1/2"]
[Round "6"]
[TimeControl "180+2"]
[Date "2023.06.27"]
[WhiteClock "0:00:12"]
[BlackClock "0:00:29"]
[Board "56"]

1. e4 e5 2. Nf3 Nc6 3. Bb5 a6 4. Ba4 Nf6 5. O-O Nxe4 6. d4 b5 7. Bb3 d5 8. dxe5 Be6 9. c3 Bc5 10. Qe2 O-O 11. Nbd2 Nxd2 12. Bxd2 Qd7 13. Be3 Bxe3 14. Qxe3 Rae8 15. Nd4 f6 16. exf6 Rxf6 17. Nxe6 Rfxe6 18. Qc5 Ne7 19. a4 c6 20. axb5 axb5 21. Ra7 Qd6 22. Qxd6 Rxd6 23. Re1 Kf8 24. Bc2 g6 25. f3 Kf7 26. Kf2 Re6 27. Rd1 Kf6 28. Bd3 h5 29. g4 hxg4 30. fxg4 Rh8 31. Kg3 Re3+ 32. Kg2 d4 33. c4 Reh3 34. Rf1+ Kg5 35. Rxe7 Rxd3 36. Re5+ Kh4 37. cxb5 Rd2+ 38. Rf2 Rxf2+ 39. Kxf2 cxb5 40. Rd5 Rf8+ 41. Kg2 Kxg4 42. Rxd4+ Rf4 43. Rd3 Re4 44. Rg3+ Kh5 45. Rh3+ Kg5 46. Rg3+ Kf6 47. Rf3+ Kg7 48. Kg3 Rb4 49. b3 g5 50. Rc3 Kg6 51. h3 Kh5 52. Rd3 Kg6 53. Rd6+ Kf5 54. Rd3 Ke4 55. Rc3 Kf5 56. Rc5+ Kg6 57. Rc6+ Kh5 58. Rc3 Rd4 59. Re3 b4 60. Kf3 Rh4 61. Kg3 Rd4 62. Kf3 Rd2 63. Ke4 Kh4 64. Kf5 Rf2+ 65. Kg6 Rf4 66. Kh6 Rf6+ 67. Kg7 Rb6 68. Kf7 Kh5 69. Ke7 Rc6 70. Re4 Rc3 71. Rxb4 Rxh3 72. Rb8 Re3+ 73. Kd6 g4 74. b4 g3 75. b5 Rd3+ 76. Kc5 Re3 77. Rg8 Re5+ 78. Kc6 Rg5 79. Rh8+ Kg4 80. Rh1 Kf3 81. b6 g2 82. Rb1 g1=Q 83. Rxg1 Rxg1 84. b7 Rc1+ 85. Kb6 Rb1+ 86. Kc7 Ke4 87. b8=Q Rxb8 88. Kxb8 1/2-1/2


[Site "https://www.chess.com"]

[Event "Titled Tuesday Blitz June 27 Early 2023"]
[White "Zavgorodniy, Sergiy"]
[Black "Vakhlamov, Igor L."]
[WhiteFideId "14110148"]
[BlackFideId "24126748"]
[WhiteElo "2590"]
[BlackElo "2783"]
[Result "0-1"]
[Round "6"]
[TimeControl "180+2"]
[Date "2023.06.27"]
[WhiteClock "0:00:32"]
[BlackClock "0:00:09"]
[Board "57"]

1. d4 d5 2. c4 e6 3. Nf3 Nf6 4. e3 c5 5. dxc5 Bxc5 6. a3 a5 7. Nc3 Nc6 8. cxd5 exd5 9. Nb5 O-O 10. Be2 Bg4 11. O-O Re8 12. Nfd4 Nxd4 13. Nxd4 Bxd4 14. Bxg4 Be5 15. Bf3 Qd6 16. g3 Rac8 17. Rb1 b6 18. b4 d4 19. exd4 Qxd4 20. Qxd4 Bxd4 21. bxa5 bxa5 22. Bf4 Rc3 23. Kg2 Rxa3 24. Rb7 h6 25. Rd1 Bc5 26. Rc1 Bd4 27. Rd1 Bc5 28. Rc1 Bd4 29. Rcc7 Ra2 30. Bc6 Rxf2+ 31. Kh3 Rf8 32. Bd6 Rd8 33. Bf4 g5 34. g4 Rxf4 35. Rxf7 Nd5 36. Rh7 Rf3+ 37. Kg2 Rf2+ 38. Kg3 Nc3 39. Rxh6 Ne2+ 40. Kh3 Be5 41. Rg6+ Kf8 42. Rxg5 Rxh2# 0-1


[Site "https://www.chess.com"]

[Event "Titled Tuesday Blitz June 27 Early 2023"]
[White "Iskusnyh, Sergei"]
[Black "Gunina, Valentina"]
[WhiteFideId "4120027"]
[BlackFideId "4167570"]
[WhiteElo "2588"]
[BlackElo "2778"]
[Result "1-0"]
[Round "6"]
[TimeControl "180+2"]
[Date "2023.06.27"]
[WhiteClock "0:01:06"]
[BlackClock "0:00:28"]
[Board "58"]

1. d4 d5 2. c4 c6 3. Nf3 Nf6 4. e3 Bg4 5. Nc3 e6 6. h3 Bxf3 7. Qxf3 Bb4 8. Bd2 Nbd7 9. cxd5 exd5 10. Bd3 O-O 11. O-O-O Qe7 12. g4 Bxc3 13. Bxc3 Nb6 14. Kb1 Ne4 15. Be1 Nc4 16. Qe2 b5 17. f3 Ned6 18. e4 f6 19. Bb4 Rfe8 20. Rhe1 Qd7 21. Qc2 a5 22. Bc5 Nb7 23. exd5 cxd5 24. Bxh7+ Kh8 25. Qg6 Nd2+ 26. Ka1 Nxc5 27. dxc5 Nxf3 28. Qh5 Rxe1 29. Rxe1 g6 30. Bxg6+ Kg8 31. Bf5 Qc7 32. Qg6+ Qg7 33. Re8+ Rxe8 34. Qxe8+ Qf8 35. Qxf8+ Kxf8 36. c6 1-0


[Site "https://www.chess.com"]

[Event "Titled Tuesday Blitz June 27 Early 2023"]
[White "Aloma Vidal, Robert"]
[Black "Bryakin, Mikhail"]
[WhiteFideId "2260409"]
[BlackFideId "4165314"]
[WhiteElo "2574"]
[BlackElo "2760"]
[Result "0-1"]
[Round "6"]
[TimeControl "180+2"]
[Date "2023.06.27"]
[WhiteClock "0:00:13"]
[BlackClock "0:00:24"]
[Board "59"]

1. e4 d5 2. exd5 Qxd5 3. Nc3 Qe5+ 4. Be2 Bg4 5. d4 Bxe2 6. Ngxe2 Qa5 7. b4 Qh5 8. O-O Nf6 9. d5 e6 10. dxe6 Bxb4 11. exf7+ Qxf7 12. Rb1 Nc6 13. Nd4 Bxc3 14. Nxc6 bxc6 15. Ba3 Qc4 16. Rb7 Rd8 17. Qf3 Ba5 18. Rd1 Rxd1+ 19. Qxd1 Kf7 20. Rb3 Re8 21. c3 Bxc3 0-1


[Site "https://www.chess.com"]

[Event "Titled Tuesday Blitz June 27 Early 2023"]
[White "Mendez Fortes, Eduardo Jesus"]
[Black "Panesar Vedant"]
[WhiteFideId "3502376"]
[BlackFideId "35033018"]
[WhiteElo "2574"]
[BlackElo "2743"]
[Result "1-0"]
[Round "6"]
[TimeControl "180+2"]
[Date "2023.06.27"]
[WhiteClock "0:00:19"]
[BlackClock "0:00:03"]
[Board "60"]

1. e4 c5 2. Nf3 d6 3. d4 cxd4 4. Nxd4 Nf6 5. Nc3 a6 6. Bg5 e6 7. f4 b5 8. e5 dxe5 9. fxe5 Qc7 10. exf6 Qe5+ 11. Be2 Qxg5 12. O-O Ra7 13. Qd3 Rd7 14. Ne4 Qe5 15. Nf3 Qc7 16. Qe3 Qa7 17. Qxa7 Rxa7 18. a4 bxa4 19. Ne5 g6 20. Rxa4 Nd7 21. Nc4 Nc5 22. Ncd6+ Bxd6 23. Nxd6+ Kd7 24. Rd4 e5 25. Rdd1 Kc6 26. b4 Ne6 27. Bf3+ Kc7 28. Nxf7 Rf8 29. Nxe5 Rxf6 30. c4 Ng5 31. Bd5 Rxf1+ 32. Rxf1 Kd6 33. Nd3 Be6 34. Nc5 Bxd5 35. Rd1 Kc6 36. Rxd5 Nf7 37. Nb3 Re7 38. Nd4+ Kb7 39. c5 Ne5 40. h3 Kc7 41. Rd6 Rd7 42. Ne6+ Kc8 43. Rxa6 Rd2 44. c6 Nxc6 45. Rxc6+ Kd7 46. Ra6 Rb2 47. Nc5+ Ke7 48. Ra7+ Kd6 49. Rb7 Rb1+ 50. Kh2 Kd5 51. Nd3 Kc6 52. Rxh7 Rb3 53. Ne5+ Kd6 54. Nxg6 Rxb4 55. Rh6 Ke6 56. Nh4+ Kf7 57. Nf3 Kg7 58. Rc6 Rb5 59. Rc4 Ra5 60. g4 Ra3 61. Kg3 Ra4 62. Rxa4 1-0


[Site "https://www.chess.com"]

[Event "Titled Tuesday Blitz June 27 Early 2023"]
[White "Csonka, Balazs"]
[Black "Ambartsumova, Karina"]
[WhiteFideId "742910"]
[BlackFideId "4166299"]
[WhiteElo "2722"]
[BlackElo "2574"]
[Result "1-0"]
[Round "6"]
[TimeControl "180+2"]
[Date "2023.06.27"]
[WhiteClock "0:00:17"]
[BlackClock "0:00:00"]
[Board "61"]

1. d4 Nf6 2. c4 e6 3. Nc3 d5 4. Bg5 Be7 5. e3 O-O 6. Nf3 h6 7. Bf4 b6 8. g4 Ne4 9. h4 c5 10. g5 h5 11. Nxe4 dxe4 12. Ne5 g6 13. Bg2 Bb7 14. O-O Nd7 15. Nxd7 Qxd7 16. dxc5 Qxd1 17. Rfxd1 Bxc5 18. Bd6 Rfd8 19. Bxc5 bxc5 20. Kf1 Kf8 21. Ke1 Ke7 22. Rxd8 Rxd8 23. Rd1 Rxd1+ 24. Kxd1 f6 25. a3 a5 26. Kc2 e5 27. gxf6+ Kxf6 28. b4 axb4 29. axb4 cxb4 30. Kb3 g5 31. hxg5+ Kxg5 32. Kxb4 Bc8 33. Bxe4 h4 34. Kc5 h3 35. Kd6 Kf6 36. c5 Ba6 37. c6 1-0


[Site "https://www.chess.com"]

[Event "Titled Tuesday Blitz June 27 Early 2023"]
[White "Zhu, Jiner"]
[Black "Janaszak, Dawid"]
[WhiteFideId "8608059"]
[BlackFideId "1119206"]
[WhiteElo "2718"]
[BlackElo "2569"]
[Result "0-1"]
[Round "6"]
[TimeControl "180+2"]
[Date "2023.06.27"]
[WhiteClock "0:01:54"]
[BlackClock "0:01:36"]
[Board "62"]

1. c4 e6 2. Nc3 d5 3. d4 c5 4. cxd5 cxd4 5. Qxd4 exd5 6. Nf3 Nf6 7. Bg5 Be7 8. e3 Nc6 9. Bb5 O-O 10. Qd2 Qb6 11. Bxf6 Bxf6 12. Bxc6 bxc6 13. O-O Rb8 14. b3 Bg4 15. Nd4 Rfd8 16. h3 Bh5 17. Na4 Qa6 18. Rac1 Rbc8 19. Rc3 Qa5 20. Rfc1 c5 21. Nxc5 Rxc5 0-1


[Site "https://www.chess.com"]

[Event "Titled Tuesday Blitz June 27 Early 2023"]
[White "Degenbaev, Aziz"]
[Black "Matinian, Nikita"]
[WhiteFideId "13802640"]
[BlackFideId "24129100"]
[WhiteElo "2565"]
[BlackElo "2717"]
[Result "0-1"]
[Round "6"]
[TimeControl "180+2"]
[Date "2023.06.27"]
[WhiteClock "0:00:03"]
[BlackClock "0:00:39"]
[Board "63"]

1. e4 d6 2. d4 g6 3. Nc3 Bg7 4. f4 a6 5. Nf3 b5 6. Bd3 Bb7 7. Qe2 c5 8. dxc5 dxc5 9. e5 Nh6 10. Be4 Qc8 11. Bxb7 Qxb7 12. Qe4 Qxe4+ 13. Nxe4 Nd7 14. Be3 Rc8 15. O-O-O Ng4 16. Bg1 Bh6 17. Nfg5 f5 18. e6 Ndf6 19. Nxc5 O-O 20. g3 Bxg5 21. fxg5 Ne4 22. Nd7 Rfd8 23. Rd5 Nxg5 24. h3 Nf6 25. Nxf6+ exf6 26. Rxd8+ Rxd8 27. e7 Re8 28. Bc5 Ne4 29. Bb4 Nxg3 30. Rd1 Kf7 31. h4 f4 32. Rd3 h5 33. Kd2 g5 34. hxg5 fxg5 35. Rd5 Kf6 36. Ke1 h4 37. Kf2 h3 38. Kg1 g4 39. Bc3+ Kxe7 40. Rg5 Ne2+ 41. Kf2 Nxc3 42. bxc3 g3+ 43. Kf3 h2 44. Kg2 Rh8 45. Kh1 Kf6 46. Rg4 Kf5 0-1


[Site "https://www.chess.com"]

[Event "Titled Tuesday Blitz June 27 Early 2023"]
[White "Quintiliano Pinto, Renato R."]
[Black "chess123456s"]
[WhiteFideId "2117568"]
[WhiteElo "2716"]
[BlackElo "2565"]
[Result "1-0"]
[Round "6"]
[TimeControl "180+2"]
[Date "2023.06.27"]
[WhiteClock "0:00:12"]
[BlackClock "0:00:04"]
[Board "64"]

1. e4 e5 2. Nf3 Nc6 3. Bb5 a6 4. Ba4 Nf6 5. O-O Be7 6. d3 b5 7. Bb3 d6 8. c3 O-O 9. h3 Na5 10. Bc2 c5 11. a4 Bb7 12. Re1 Re8 13. Bg5 h6 14. Bxf6 Bxf6 15. Nbd2 Qc7 16. Nf1 Rad8 17. Ne3 d5 18. exd5 Bxd5 19. Ng4 Rd6 20. axb5 axb5 21. Nfxe5 Rde6 22. Nxf6+ gxf6 23. Nf3 Bxf3 24. Rxe6 Bxd1 25. Rxe8+ Kg7 26. Rxd1 b4 27. Rde1 b3 28. Bd1 Qd6 29. R1e3 c4 30. Rg3+ Kh7 31. Reg8 h5 32. d4 Qd5 33. Bxh5 Qf5 34. Bxf7 Qb1+ 35. Kh2 Qxb2 36. R3g7+ Kh6 37. Rg4 Qxf2 38. Rh8# 1-0


[Site "https://www.chess.com"]

[Event "Titled Tuesday Blitz June 27 Early 2023"]
[White "Hambleton, Aman"]
[Black "Sebag, Marie"]
[WhiteFideId "2606577"]
[BlackFideId "617822"]
[WhiteElo "2704"]
[BlackElo "2564"]
[Result "1-0"]
[Round "6"]
[TimeControl "180+2"]
[Date "2023.06.27"]
[WhiteClock "0:00:03"]
[BlackClock "0:00:00"]
[Board "65"]

1. d4 Nf6 2. Bf4 g6 3. Nc3 d5 4. e3 Bg7 5. h4 h5 6. Nf3 c5 7. Nb5 Na6 8. c3 O-O 9. a4 Bg4 10. Be2 Rc8 11. Nxa7 Ra8 12. Nb5 Ne4 13. Nd2 Bxe2 14. Qxe2 Nxd2 15. Qxd2 Re8 16. O-O e5 17. dxe5 Bxe5 18. Bxe5 Rxe5 19. g3 Qe7 20. Rad1 c4 21. Qe2 Nc5 22. Qf3 Ne4 23. Nd4 Rxa4 24. Rfe1 Ra8 25. Kg2 Re8 26. Ne2 Rf5 27. Nf4 Rd8 28. Rd4 Nf6 29. Red1 b5 30. R1d2 b4 31. cxb4 Qxb4 32. Qd1 Qb7 33. Kg1 Kg7 34. Rxc4 dxc4 35. Rxd8 Qxb2 36. Rd2 Qb7 37. Qa1 Rc5 38. Rd6 Qe7 39. Qd4 Qe5 40. Qxe5 Rxe5 41. Rc6 Re4 42. Rc7 Ng4 43. f3 Rxe3 44. fxg4 Rxg3+ 45. Kf2 Rxg4 46. Rxc4 Kg8 47. Rc8+ Kg7 48. Ng2 Ra4 49. Kg3 Ra3+ 50. Kh2 Ra2 51. Rc4 Ra3 52. Nf4 Ra2+ 53. Kg3 Ra3+ 54. Kg2 Ra2+ 55. Kf3 Ra3+ 56. Kf2 Ra2+ 57. Ne2 Rb2 58. Rd4 Ra2 59. Kf3 Ra3+ 60. Kg2 Ra2 61. Kf2 Rb2 62. Re4 Ra2 63. Kf3 Ra3+ 64. Kg2 Ra2 65. Kh3 Ra3+ 66. Ng3 Rb3 67. Rd4 Ra3 68. Rc4 Rb3 69. Rf4 Ra3 70. Rf2 Rb3 71. Re2 Ra3 72. Kg2 Ra4 73. Kh3 Ra3 74. Rd2 Rb3 75. Rc2 Ra3 76. Rb2 Rc3 77. Rb4 Ra3 78. Kg2 Ra2+ 79. Kf3 Ra3+ 80. Kf4 Ra2 81. Rc4 Rf2+ 82. Ke3 Rg2 83. Kf3 Ra2 84. Ne4 Rh2 85. Ng5 f6 86. Rc7+ Kg8 87. Kg3 Ra2 88. Ne4 Ra3+ 89. Kf4 Ra4 90. Kf3 Ra3+ 91. Kf2 f5 92. Nf6+ Kf8 93. Nh7+ Kg8 94. Nf6+ Kf8 95. Kg2 1-0


[Site "https://www.chess.com"]

[Event "Titled Tuesday Blitz June 27 Early 2023"]
[White "Fonseca Manrique, Enrique"]
[Black "Fromm, Marius"]
[WhiteFideId "5114330"]
[BlackFideId "12993190"]
[WhiteElo "2563"]
[BlackElo "2703"]
[Result "1-0"]
[Round "6"]
[TimeControl "180+2"]
[Date "2023.06.27"]
[WhiteClock "0:00:11"]
[BlackClock "0:00:03"]
[Board "66"]

1. e4 c5 2. Nf3 d6 3. d4 cxd4 4. Nxd4 Nf6 5. Nc3 a6 6. Bg5 e6 7. f4 Be7 8. Qf3 Qc7 9. O-O-O Nbd7 10. g4 b5 11. Bxf6 Nxf6 12. g5 Nd7 13. f5 O-O 14. Rg1 b4 15. Nce2 e5 16. f6 exd4 17. fxe7 Re8 18. Nxd4 Ne5 19. Qb3 a5 20. h4 Rxe7 21. h5 Qc5 22. g6 Bg4 23. gxh7+ Kxh7 24. Qg3 f6 25. Rd2 a4 26. Kb1 b3 27. cxb3 axb3 28. Nxb3 Qb4 29. Rd4 Qb6 30. Bh3 Bxh3 31. Qxh3 Rea7 32. Qf5+ Kh8 33. h6 g6 34. Qxf6+ Kh7 35. Rc1 Rf7 36. Qe6 Qa7 37. a3 Rb8 38. Rxd6 Rfb7 39. Rc3 Nf7 40. Qxg6+ Kh8 41. Qg7# 1-0


[Site "https://www.chess.com"]

[Event "Titled Tuesday Blitz June 27 Early 2023"]
[White "Sargsyan, Anna M."]
[Black "Fernandez Guillen, Ernesto J."]
[WhiteFideId "13308130"]
[BlackFideId "3512428"]
[WhiteElo "2563"]
[BlackElo "2702"]
[Result "0-1"]
[Round "6"]
[TimeControl "180+2"]
[Date "2023.06.27"]
[WhiteClock "0:00:09"]
[BlackClock "0:00:15"]
[Board "67"]

1. d4 Nf6 2. c4 g6 3. g3 Bg7 4. Bg2 O-O 5. Nc3 c6 6. Nf3 d5 7. cxd5 Nxd5 8. O-O Nb6 9. e4 N8d7 10. Be3 Nc4 11. Bc1 e5 12. Qb3 Ndb6 13. dxe5 Nxe5 14. Nxe5 Bxe5 15. Bh6 Re8 16. Rad1 Qe7 17. f4 Be6 18. Qc2 Qc5+ 19. Kh1 Bh8 20. e5 Nd5 21. Qd2 Nxc3 22. bxc3 Bg7 23. Bxg7 Kxg7 24. a4 Rad8 25. Qb2 Bc4 26. Rfe1 b5 27. a5 h5 28. Qb4 Rxd1 29. Rxd1 Qf2 30. Qd6 Be6 31. Bxc6 Rc8 32. Be4 h4 33. Qd2 Qxd2 34. Rxd2 Rxc3 35. gxh4 Ra3 36. Rb2 Rxa5 37. Bc6 a6 38. Kg2 Ra3 39. Bf3 Kh6 40. Rc2 b4 41. Rc7 b3 42. Rb7 Ra2+ 43. Kg3 a5 44. Rb8 a4 45. h5 gxh5 46. Be4 Kg7 47. f5 Bxf5 48. Bxf5 Re2 49. Kf4 b2 50. Bd3 Rxh2 51. Ke3 a3 52. Bb1 Rh1 53. Ba2 Ra1 54. Bd5 b1=Q 55. Rxb1 Rxb1 56. Be4 Rb2 57. Kf4 a2 58. Kf5 a1=Q 59. e6 Rb5+ 60. Kf4 fxe6 61. Ke3 Qf6 62. Bd3 Qe5+ 63. Kd2 Rb4 64. Kc2 Rd4 65. Kc3 Qc5+ 66. Kd2 Rxd3+ 67. Kxd3 Qf5+ 68. Ke2 h4 69. Ke3 h3 0-1


[Site "https://www.chess.com"]

[Event "Titled Tuesday Blitz June 27 Early 2023"]
[White "Petrosian, Karlen"]
[Black "NicolaiMaxime"]
[WhiteFideId "4176146"]
[WhiteElo "2701"]
[BlackElo "2559"]
[Result "0-1"]
[Round "6"]
[TimeControl "180+2"]
[Date "2023.06.27"]
[WhiteClock "0:00:34"]
[BlackClock "0:00:20"]
[Board "68"]

1. e4 c5 2. Be2 Nc6 3. f4 g6 4. Nf3 Bg7 5. O-O d5 6. d3 Bg4 7. c3 e6 8. Nbd2 Nge7 9. h3 Bxf3 10. Bxf3 O-O 11. Qe2 Rb8 12. Qf2 d4 13. c4 e5 14. g3 Qc7 15. Bg2 f5 16. a3 Kh8 17. exf5 Nxf5 18. Ne4 Ne3 19. Bxe3 dxe3 20. Qxe3 exf4 21. Qd2 fxg3 22. Kh1 Nd4 23. Rxf8+ Rxf8 24. Rf1 Rxf1+ 25. Bxf1 b6 26. Qg5 Nf5 27. b4 cxb4 28. axb4 a5 29. bxa5 bxa5 30. Qd2 Qb6 31. c5 Qb1 32. Kg2 Be5 33. Qg5 Qc2+ 34. Kf3 Nd4+ 35. Kg4 Qd1+ 36. Kh4 Nf3+ 0-1


[Site "https://www.chess.com"]

[Event "Titled Tuesday Blitz June 27 Early 2023"]
[White "Klekowski, Maciej"]
[Black "Rodchenkov, Sergey D."]
[WhiteFideId "1132717"]
[BlackFideId "4168712"]
[WhiteElo "2699"]
[BlackElo "2557"]
[Result "1-0"]
[Round "6"]
[TimeControl "180+2"]
[Date "2023.06.27"]
[WhiteClock "0:02:14"]
[BlackClock "0:00:00"]
[Board "69"]

1. e4 c5 2. Nf3 d6 3. Bc4 Nf6 4. d3 e6 5. O-O Be7 6. a4 O-O 7. Re1 a6 8. Nc3 Nbd7 9. Bf4 b6 10. e5 dxe5 11. Nxe5 Bb7 12. Nxf7 Rxf7 13. Bxe6 Nf8 14. Bxf7+ Kxf7 15. Qe2 Qd7 16. Ne4 Nxe4 17. dxe4 Ne6 18. Be5 Kg8 19. Qg4 Re8 20. Bxg7 Nf8 21. Qg3 Ng6 22. Bc3 Bh4 23. Qe3 Rxe4 24. Qh6 Qf7 25. g3 Bf6 26. Rxe4 Bxe4 27. Re1 Bxc3 28. Rxe4 Bd4 29. Qd2 Kg7 30. c3 Bf6 31. Qe2 Qc7 32. Qxa6 Qd7 33. Qe2 h6 34. h4 Qd6 35. Re6 Qd7 36. Rxb6 Ne5 37. Qe4 Qe6 38. Rxe6 1-0


[Site "https://www.chess.com"]

[Event "Titled Tuesday Blitz June 27 Early 2023"]
[White "Arat, Ufuk Sezen"]
[Black "Mirzoev, Azer"]
[WhiteFideId "6309089"]
[BlackFideId "13400304"]
[WhiteElo "2554"]
[BlackElo "2695"]
[Result "1-0"]
[Round "6"]
[TimeControl "180+2"]
[Date "2023.06.27"]
[WhiteClock "0:00:31"]
[BlackClock "0:00:00"]
[Board "70"]

1. e4 c6 2. d4 d5 3. e5 Bf5 4. h4 Qb6 5. g4 Bd7 6. Nc3 h5 7. gxh5 Bf5 8. Bd3 Bxd3 9. Qxd3 e6 10. Nge2 Rxh5 11. Ng3 Rh8 12. Bg5 Nd7 13. O-O-O Ne7 14. Rhe1 a6 15. f4 c5 16. f5 cxd4 17. fxe6 fxe6 18. Nce2 Nc5 19. Qxd4 O-O-O 20. Kb1 Rd7 21. Nf4 Nc6 22. Qf2 Rf7 23. Qg1 Na5 24. Ng6 Rg8 25. Rf1 Nc4 26. Qd4 Qc7 27. Rxf7 Qxf7 28. Nf4 Qc7 29. c3 Qb6 30. Nd3 Nxd3 31. Qxb6 Nxb6 32. Rxd3 Nc4 33. Bf4 Be7 34. h5 Rf8 35. Ne2 Rf5 36. Rg3 Rxh5 37. Rxg7 Bc5 38. Nd4 Bxd4 39. cxd4 Rh1+ 40. Kc2 Rf1 41. Bc1 Rf2+ 42. Kb1 Rf1 43. b3 Na3+ 44. Kb2 Nb5 45. Be3 Rf3 46. a4 Na7 47. Bd2 Nc6 48. Bc3 Rf2+ 49. Ka3 Rf3 50. Bb2 Na5 51. Rg8+ Kc7 52. Rg7+ Kc6 53. Re7 Rxb3+ 54. Ka2 Re3 55. Rxe6+ Kc7 56. Rh6 1-0


[Site "https://www.chess.com"]

[Event "Titled Tuesday Blitz June 27 Early 2023"]
[White "slidingknight2775"]
[Black "Ajay Karthikeyan"]
[BlackFideId "35011685"]
[WhiteElo "2546"]
[BlackElo "2694"]
[Result "0-1"]
[Round "6"]
[TimeControl "180+2"]
[Date "2023.06.27"]
[WhiteClock "0:00:00"]
[BlackClock "0:00:12"]
[Board "71"]

1. d4 Nf6 2. Bg5 Ng8 3. Nc3 h6 4. Bf4 d6 5. e4 g6 6. Qd2 Bg7 7. h4 Nc6 8. Be3 e5 9. d5 Nce7 10. h5 g5 11. O-O-O f5 12. exf5 Bxf5 13. Bd3 Nf6 14. Nge2 a6 15. Ng3 Qd7 16. Bxf5 Nxf5 17. Nge4 Nxe4 18. Nxe4 Rf8 19. Kb1 b6 20. c3 O-O-O 21. f3 g4 22. Rhf1 gxf3 23. Rxf3 Nxe3 24. Qxe3 Rxf3 25. Qxf3 Rf8 26. Qe2 Kb7 27. Rf1 Rf4 28. Rxf4 exf4 29. Qf3 Be5 30. b3 Qb5 31. Kc2 Qa5 32. a4 Qxd5 33. Nxd6+ Kc6 34. Nf7 Bg7 35. Nd8+ Kd6 36. Qxf4+ Kd7 37. Nf7 Qxg2+ 38. Kb1 Bxc3 39. Ne5+ Ke6 40. Qc4+ Kxe5 41. Qxc3+ Kf5 42. Qxc7 Qg1+ 43. Kb2 Qf2+ 44. Kb1 Kg5 45. Qd8+ Kxh5 46. Qd5+ Kg4 47. Qe6+ Qf5+ 48. Qxf5+ Kxf5 0-1


[Site "https://www.chess.com"]

[Event "Titled Tuesday Blitz June 27 Early 2023"]
[White "Golubev, Mikhail"]
[Black "Di Benedetto, Edoardo"]
[WhiteFideId "14100983"]
[BlackFideId "875740"]
[WhiteElo "2541"]
[BlackElo "2687"]
[Result "0-1"]
[Round "6"]
[TimeControl "180+2"]
[Date "2023.06.27"]
[WhiteClock "0:00:00"]
[BlackClock "0:00:09"]
[Board "72"]

1. e4 e6 2. d4 d5 3. Nc3 Nf6 4. Bg5 Bb4 5. e5 h6 6. Bd2 Bxc3 7. bxc3 Ne4 8. Qg4 Kf8 9. Bd3 Nxd2 10. Kxd2 c5 11. h4 c4 12. Bf1 Nc6 13. Rh3 b5 14. a3 a5 15. Ne2 Rb8 16. Rg3 Rg8 17. Rf3 Ke8 18. Nf4 b4 19. axb4 axb4 20. Nh5 bxc3+ 21. Rxc3 Kf8 22. Rca3 Qb6 23. c3 Qb2+ 24. Ke1 Rb3 25. Ra8 Qxc3+ 26. Kd1 Rb8 27. Qf4 Qb3+ 28. Ke1 Qb7 29. Rxb8 Qxb8 30. Be2 Qb4+ 31. Kf1 Ke7 0-1


[Site "https://www.chess.com"]